TOP OF THE 1ST |
Montgomery Biscuits batting - Pitching for Bowie Baysox : RHP Tim Kull
|
Pitching: RHP Tim Kull
|
|
Batting: LHB Hyoji Toda
|
0-0: Called Strike 0-1: Ball 1-1: Swinging Strike 1-2: Ground out 1-3 (Groundball, 13S, EV 65.0 MPH)
|
Batting: LHB Jake Rheaume
|
0-0: Ball 1-0: Ground out 4-3 (Groundball, 34, EV 103.1 MPH)
|
Batting: SHB Ben Pierce
|
0-0: Swinging Strike 0-1: Ball 1-1: Fly out, F5 (Popup, 5SF, EV 81.9 MPH)
|
Top of the 1st over - 0 runs, 0 hits, 0 errors, 0 left on base; Montgomery 0 - Bowie 0 |
BOTTOM OF THE 1ST |
Bowie Baysox batting - Pitching for Montgomery Biscuits : RHP Kyle Thomas
|
Pitching: RHP Kyle Thomas
|
|
Batting: LHB Pat Shaddock
|
0-0: Called Strike 0-1: Swinging Strike 0-2: Foul Ball, location: 2F 0-2: Ball 1-2: Ball 2-2: Ball 3-2: SINGLE (Groundball, 6MD, EV 105.0 MPH)
|
Batting: RHB Francisco Viera
|
0-0: Called Strike 0-1: Called Strike 0-2: Ball 1-2: Strikes out looking
|
Batting: RHB Travis Carter
|
0-0: Called Strike 0-1: Swinging Strike 0-2: Strikes out swinging
|
Batting: RHB Alex Jacobo
|
0-0: Ball 1-0: Fielders Choice at 2nd, 5-4 (Groundball, 56, EV 105.0 MPH)
|
Bottom of the 1st over - 0 runs, 1 hit, 0 errors, 1 left on base; Montgomery 0 - Bowie 0 |
TOP OF THE 2ND |
Montgomery Biscuits batting - Pitching for Bowie Baysox : RHP Tim Kull
|
Batting: LHB Mario Ocana
|
0-0: Ball 1-0: SOLO HOME RUN (Flyball, 9D, EV 96.9 MPH), Distance : 364 ft
|
Batting: RHB Tony Garcia
|
0-0: Ground out 5-3 (Groundball, 56S, EV 86.2 MPH)
|
Batting: RHB Paul Landes
|
0-0: Ball 1-0: Ball 2-0: Ball 3-0: Base on Balls
|
Batting: RHB Kevin Benfield
|
0-0: Called Strike 0-1: Ball 1-1: Hit by Pitch Paul Landes to second
|
Batting: RHB Dan Marks
|
0-0: Ball 1-0: Called Strike 1-1: Ball 2-1: Ball 3-1: Base on Balls Paul Landes to third Kevin Benfield to second
|
Batting: RHB Dusty Camelli
|
0-0: Called Strike 0-1: Called Strike 0-2: Ball 1-2: Strikes out swinging
|
Batting: LHB Hyoji Toda
|
0-0: Ball 1-0: Ball 2-0: Ball 3-0: Base on Balls Paul Landes scores Kevin Benfield to third Dan Marks to second
|
Batting: LHB Jake Rheaume
|
0-0: Foul Ball, location: 2F 0-1: SINGLE (Groundball, 34S, EV 69.4 MPH) (infield hit) Kevin Benfield scores Dan Marks to third Hyoji Toda to second
|
Batting: SHB Ben Pierce
|
0-0: Called Strike 0-1: Foul Ball, location: 2F 0-2: Ball Wild Pitch! Dan Marks scores Hyoji Toda to third Jake Rheaume to second 1-2: Ball 2-2: Fly out, F8 (Line Drive, 8RM, EV 100.0 MPH)
|
Top of the 2nd over - 4 runs, 2 hits, 0 errors, 2 left on base; Montgomery 4 - Bowie 0 |
BOTTOM OF THE 2ND |
Bowie Baysox batting - Pitching for Montgomery Biscuits : RHP Kyle Thomas
|
Batting: LHB Andrew Erens
|
0-0: Foul Ball, location: 2F 0-1: Ball 1-1: Ground out 5-3 (Groundball, 56S, EV 91.2 MPH)
|
Batting: RHB Danny Merrill
|
0-0: Ground out 6-3 (Groundball, 6, EV 101.2 MPH)
|
Batting: LHB David Best
|
0-0: Swinging Strike 0-1: Foul Ball, location: 2F 0-2: Foul Ball, location: 2F 0-2: Foul Ball, location: 2F 0-2: Ball 1-2: Ball 2-2: Strikes out swinging
|
Bottom of the 2nd over - 0 runs, 0 hits, 0 errors, 0 left on base; Montgomery 4 - Bowie 0 |
TOP OF THE 3RD |
Montgomery Biscuits batting - Pitching for Bowie Baysox : RHP Tim Kull
|
Batting: LHB Mario Ocana
|
0-0: Called Strike 0-1: Foul Ball, location: 2F 0-2: Strikes out looking
|
Batting: RHB Tony Garcia
|
0-0: Ball 1-0: Called Strike 1-1: Swinging Strike 1-2: DOUBLE (Flyball, 9LD, EV 103.8 MPH)
|
Batting: RHB Paul Landes
|
0-0: Called Strike 0-1: Ground out 6-3 (Groundball, 6, EV 87.5 MPH)
|
Batting: RHB Kevin Benfield
|
0-0: Called Strike 0-1: Ball 1-1: Reached via error on a dropped throw from 3B, E3 (Groundball, 5L, EV 88.8 MPH) Tony Garcia to third
|
Batting: RHB Dan Marks
|
0-0: Called Strike 0-1: Ball 1-1: SINGLE (Groundball, 56S, EV 68.8 MPH) (infield hit) Tony Garcia scores Kevin Benfield to second
|
Batting: RHB Dusty Camelli
|
0-0: Swinging Strike 0-1: Ball 1-1: Ball 2-1: Ball 3-1: Base on Balls Kevin Benfield to third Dan Marks to second
|
Pitching: LHP Justin Hinton
|
|
Batting: LHB Hyoji Toda
|
0-0: Ball 1-0: Ball 2-0: Called Strike 2-1: Ball 3-1: Foul Ball, location: 2F 3-2: Strikes out looking
|
Top of the 3rd over - 1 run, 2 hits, 1 error, 3 left on base; Montgomery 5 - Bowie 0 |
BOTTOM OF THE 3RD |
Bowie Baysox batting - Pitching for Montgomery Biscuits : RHP Kyle Thomas
|
Batting: RHB Willie Manrique
|
0-0: Ground out 6-3 (Groundball, 6, EV 93.8 MPH)
|
Batting: RHB Julio Ehm
|
0-0: Ball 1-0: Called Strike 1-1: Foul Ball, location: 2F 1-2: Ball 2-2: Foul Ball, location: 2F 2-2: Foul Ball, location: 2F 2-2: Strikes out looking
|
Batting: LHB Pat Shaddock
|
0-0: Ball 1-0: Foul Ball, location: 2F 1-1: SINGLE (Groundball, 34D, EV 95.6 MPH)
|
Batting: RHB Francisco Viera
|
0-0: Ball 1-0: Foul Ball, location: 2F 1-1: Ball 2-1: Called Strike 2-2: Foul Ball, location: 2F 2-2: Foul Ball, location: 2F 2-2: Foul Ball, location: 2F 2-2: Ball 3-2: Base on Balls Pat Shaddock to second
|
Batting: RHB Travis Carter
|
0-0: Called Strike 0-1: Swinging Strike 0-2: Strikes out looking
|
Bottom of the 3rd over - 0 runs, 1 hit, 0 errors, 2 left on base; Montgomery 5 - Bowie 0 |
TOP OF THE 4TH |
Montgomery Biscuits batting - Pitching for Bowie Baysox : LHP Justin Hinton
|
Batting: LHB Jake Rheaume
|
0-0: Ball 1-0: Foul Ball, location: 2F 1-1: Foul Ball, location: 2F 1-2: Ball 2-2: SOLO HOME RUN (Flyball, 78XD, EV 106.2 MPH), Distance : 426 ft
|
Batting: SHB Ben Pierce
|
0-0: Ball 1-0: DOUBLE (Line Drive, 8RXD, EV 97.5 MPH)
|
Batting: LHB Mario Ocana
|
0-0: Called Strike 0-1: Ball 1-1: Foul Ball, location: 2F 1-2: Ball 2-2: Ball 3-2: Ground out U3 (Groundball, 34S, EV 85.6 MPH) Ben Pierce to third
|
Batting: RHB Tony Garcia
|
0-0: Ball 1-0: Fly out, F2 (Popup, 2LF, EV 95.0 MPH)
|
Batting: RHB Paul Landes
|
0-0: Ball 1-0: Ball 2-0: Ball 3-0: Called Strike 3-1: Base on Balls
|
Batting: RHB Kevin Benfield
|
0-0: Foul Ball, location: 2F 0-1: Called Strike 0-2: Ball 1-2: Ball 2-2: Ground out 4-3 (Groundball, 4, EV 86.2 MPH)
|
Top of the 4th over - 1 run, 2 hits, 0 errors, 2 left on base; Montgomery 6 - Bowie 0 |
BOTTOM OF THE 4TH |
Bowie Baysox batting - Pitching for Montgomery Biscuits : RHP Kyle Thomas
|
Batting: RHB Alex Jacobo
|
0-0: Ball 1-0: Ball 2-0: Ball 3-0: Called Strike 3-1: SINGLE (Flyball, 6D, EV 88.1 MPH)
|
Batting: LHB Andrew Erens
|
0-0: Ball 1-0: Ball 2-0: Ball 3-0: Fly out, F4 (Popup, 4S, EV 83.1 MPH)
|
Batting: RHB Danny Merrill
|
0-0: Called Strike 0-1: Called Strike 0-2: Ball 1-2: Ball Passed Ball! Alex Jacobo to second 2-2: Strikes out looking
|
Batting: LHB David Best
|
0-0: SINGLE (Groundball, 4D, EV 107.5 MPH) Alex Jacobo to third Runner from 3rd tries for Home, SAFE, throw by CF to home
|
Batting: RHB Willie Manrique
|
0-0: Ground out 4-3 (Groundball, 4, EV 86.9 MPH)
|
Bottom of the 4th over - 1 run, 2 hits, 0 errors, 1 left on base; Montgomery 6 - Bowie 1 |
TOP OF THE 5TH |
Montgomery Biscuits batting - Pitching for Bowie Baysox : LHP Justin Hinton
|
Batting: RHB Dan Marks
|
0-0: Called Strike 0-1: Swinging Strike 0-2: Strikes out swinging
|
Pitching: RHP Mike LaMonica
|
|
Batting: RHB Dusty Camelli
|
0-0: Called Strike 0-1: Called Strike 0-2: Ball 1-2: Strikes out swinging
|
Batting: LHB Hyoji Toda
|
0-0: Foul Ball, location: 2F 0-1: Ball 1-1: Ground out 3-1 (Groundball, 34S, EV 82.5 MPH)
|
Top of the 5th over - 0 runs, 0 hits, 0 errors, 0 left on base; Montgomery 6 - Bowie 1 |
BOTTOM OF THE 5TH |
Bowie Baysox batting - Pitching for Montgomery Biscuits : RHP Kyle Thomas
|
Batting: RHB Julio Ehm
|
0-0: Ball 1-0: Ball 2-0: DOUBLE (Groundball, 5L, EV 94.4 MPH)
|
Batting: LHB Pat Shaddock
|
0-0: Ball 1-0: Swinging Strike 1-1: Foul Ball, location: 2F 1-2: Strikes out swinging
|
Batting: RHB Francisco Viera
|
0-0: Foul Ball, location: 2F 0-1: Ball 1-1: Hit by Pitch
|
Batting: RHB Travis Carter
|
0-0: Swinging Strike 0-1: Ball 1-1: Ball 2-1: Called Strike 2-2: Strikes out swinging
|
Batting: RHB Alex Jacobo
|
0-0: Ball 1-0: Swinging Strike 1-1: Ball 2-1: Called Strike 2-2: Ball 3-2: Ground out 5-3 (Groundball, 56S, EV 81.9 MPH)
|
Bottom of the 5th over - 0 runs, 1 hit, 0 errors, 2 left on base; Montgomery 6 - Bowie 1 |
TOP OF THE 6TH |
Montgomery Biscuits batting - Pitching for Bowie Baysox : RHP Mike LaMonica
|
Batting: LHB Jake Rheaume
|
0-0: Called Strike 0-1: Foul Ball, location: 2F 0-2: Fly out, F9 (Flyball, 9D, EV 96.2 MPH)
|
Batting: SHB Ben Pierce
|
0-0: Swinging Strike 0-1: Foul Ball, location: 2F 0-2: Foul Ball, location: 2F 0-2: SINGLE (Flyball, 5D, EV 87.5 MPH)
|
Batting: LHB Mario Ocana
|
0-0: Swinging Strike 0-1: Foul Ball, location: 2F 0-2: Foul Ball, location: 2F 0-2: Ball 1-2: Fielders Choice at 2nd, 1-6 (Groundball, 13, EV 62.5 MPH)
|
Batting: RHB Tony Garcia
|
0-0: Ball 1-0: Ball 2-0: Called Strike 2-1: Ball 3-1: Base on Balls Mario Ocana to second
|
Batting: RHB Paul Landes
|
0-0: Swinging Strike 0-1: Foul Ball, location: 2F 0-2: Ball 1-2: Foul Ball, location: 2F 1-2: Ball 2-2: Strikes out looking
|
Top of the 6th over - 0 runs, 1 hit, 0 errors, 2 left on base; Montgomery 6 - Bowie 1 |
BOTTOM OF THE 6TH |
Bowie Baysox batting - Pitching for Montgomery Biscuits : RHP Kyle Thomas
|
Batting: LHB Andrew Erens
|
0-0: Called Strike 0-1: Ball 1-1: Called Strike 1-2: Strikes out looking
|
Batting: RHB Danny Merrill
|
0-0: Ball 1-0: Swinging Strike 1-1: Fly out, F8 (Flyball, 8LXD, EV 108.1 MPH)
|
Batting: LHB David Best
|
0-0: Ball 1-0: Ball 2-0: Called Strike 2-1: Foul Ball, location: 2F 2-2: Ground out 5-3 (Groundball, 56, EV 103.1 MPH)
|
Bottom of the 6th over - 0 runs, 0 hits, 0 errors, 0 left on base; Montgomery 6 - Bowie 1 |
TOP OF THE 7TH |
Montgomery Biscuits batting - Pitching for Bowie Baysox : RHP Mike LaMonica
|
Batting: RHB Kevin Benfield
|
0-0: DOUBLE (Line Drive, 8RXD, EV 107.5 MPH)
|
Batting: RHB Dan Marks
|
0-0: Foul Ball, location: 2F 0-1: Ball 1-1: SINGLE (Groundball, 4MD, EV 96.9 MPH) Kevin Benfield to third Runner from 3rd tries for Home, throw by CF and OUT! 8-2
|
Batting: RHB Dusty Camelli
|
0-0: Ball 1-0: Foul Ball, location: 2F 1-1: Foul Ball, location: 2F 1-2: Fly out, F9 (Flyball, 9, EV 93.1 MPH)
|
Batting: LHB Hyoji Toda
|
0-0: Ball Dan Marks steals 2nd base 1-0: Foul Ball, location: 2F 1-1: Called Strike 1-2: Foul Ball, location: 2F 1-2: SINGLE (Line Drive, 89M, EV 101.2 MPH) Dan Marks to third
|
Pitching: RHP Mike Wheeler
|
|
Batting: LHB Jake Rheaume
|
0-0: Ball 1-0: Ball 2-0: Foul Ball, location: 2F 2-1: Ball 3-1: Swinging Strike 3-2: SINGLE (Line Drive, 5D, EV 99.4 MPH) Dan Marks scores Hyoji Toda to second Hyoji Toda to third
|
Batting: SHB Ben Pierce
|
0-0: Called Strike 0-1: Foul Ball, location: 2F 0-2: 3-RUN HOME RUN (Flyball, 9D, EV 95.0 MPH), Distance : 373 ft
|
Batting: LHB Mario Ocana
|
0-0: Called Strike 0-1: DOUBLE (Groundball, 3L, EV 100.6 MPH)
|
Batting: RHB Tony Garcia
|
0-0: Ball 1-0: Ball 2-0: Called Strike 2-1: Swinging Strike 2-2: Ball 3-2: Foul Ball, location: 2F 3-2: Foul Ball, location: 2F 3-2: Strikes out swinging
|
Top of the 7th over - 4 runs, 6 hits, 0 errors, 1 left on base; Montgomery 10 - Bowie 1 |
BOTTOM OF THE 7TH |
Bowie Baysox batting - Pitching for Montgomery Biscuits : RHP Kyle Thomas
|
Batting: RHB Willie Manrique
|
0-0: Ball 1-0: Ground out U3 (Groundball, 34, EV 81.2 MPH)
|
Batting: RHB Julio Ehm
|
0-0: Ball 1-0: Ball 2-0: Called Strike 2-1: Ball 3-1: Foul Ball, location: 2F 3-2: Strikes out swinging
|
Batting: LHB Pat Shaddock
|
0-0: Ground out 5-3 (Groundball, 56S, EV 84.4 MPH)
|
Bottom of the 7th over - 0 runs, 0 hits, 0 errors, 0 left on base; Montgomery 10 - Bowie 1 |
TOP OF THE 8TH |
Montgomery Biscuits batting - Pitching for Bowie Baysox : RHP Mike Wheeler
|
Batting: RHB Paul Landes
|
0-0: Ball 1-0: Called Strike 1-1: Called Strike 1-2: Ball 2-2: Strikes out swinging
|
Batting: RHB Kevin Benfield
|
0-0: Ball 1-0: Called Strike 1-1: Swinging Strike 1-2: Ball 2-2: Ground out 4-3 (Groundball, 4, EV 96.2 MPH)
|
Batting: RHB Dan Marks
|
0-0: Ball 1-0: Ground out 4-3 (Groundball, 4, EV 100.6 MPH)
|
Top of the 8th over - 0 runs, 0 hits, 0 errors, 0 left on base; Montgomery 10 - Bowie 1 |
BOTTOM OF THE 8TH |
Bowie Baysox batting - Pitching for Montgomery Biscuits : RHP Kyle Thomas
|
Pitching: RHP Cameron Bianchi
|
|
Batting: RHB Francisco Viera
|
0-0: Called Strike 0-1: Ball 1-1: Ball 2-1: Foul Ball, location: 2F 2-2: Fly out, F9 (Flyball, 9LM, EV 92.5 MPH)
|
Batting: RHB Travis Carter
|
0-0: Called Strike 0-1: DOUBLE (Line Drive, 7LM, EV 115.0 MPH)
|
Batting: RHB Alex Jacobo
|
0-0: Ball 1-0: Called Strike 1-1: Ball 2-1: Fly out, F4 (Popup, 4, EV 62.5 MPH)
|
Batting: LHB Andrew Erens
|
0-0: Called Strike 0-1: Foul Ball, location: 2F 0-2: Strikes out looking
|
Bottom of the 8th over - 0 runs, 1 hit, 0 errors, 1 left on base; Montgomery 10 - Bowie 1 |
TOP OF THE 9TH |
Montgomery Biscuits batting - Pitching for Bowie Baysox : RHP Mike Wheeler
|
Pinch Hitting: SHB Brett McEwen
|
0-0: Ball 1-0: SINGLE (Groundball, 56S, EV 70.0 MPH) (infield hit)
|
Pitching: RHP Josh Blankenship
|
|
Batting: LHB Hyoji Toda
|
0-0: Swinging Strike 0-1: Foul Ball, location: 2F 0-2: Fielders Choice at 2nd, 5-4 (Groundball, 5S, EV 85.6 MPH)
|
Pinch Hitting: LHB Brian Hollinger
|
0-0: Called Strike 0-1: Ball 1-1: Swinging Strike 1-2: Ball 2-2: Ball 3-2: Base on Balls Hyoji Toda to second
|
Batting: SHB Ben Pierce
|
0-0: Ball 1-0: Ball 2-0: Foul Ball, location: 2F 2-1: Foul Ball, location: 2F 2-2: Strikes out looking
|
Batting: LHB Mario Ocana
|
0-0: Ball 1-0: Ball 2-0: Foul Ball, location: 2F 2-1: Ball 3-1: Base on Balls Hyoji Toda to third Brian Hollinger to second
|
Batting: RHB Tony Garcia
|
0-0: Called Strike 0-1: Swinging Strike 0-2: Ball 1-2: Foul Ball, location: 2F 1-2: Ball 2-2: Foul Ball, location: 2F 2-2: Foul Ball, location: 2F 2-2: Ball 3-2: Fly out, F8 (Flyball, 8RD, EV 101.9 MPH)
|
Top of the 9th over - 0 runs, 1 hit, 0 errors, 3 left on base; Montgomery 10 - Bowie 1 |
BOTTOM OF THE 9TH |
Bowie Baysox batting - Pitching for Montgomery Biscuits : RHP Cameron Bianchi
|
Now at SS: Mark Richert
|
|
Now in CF: Hyoji Toda
|
|
Now in RF: Brian Hollinger
|
|
Batting: RHB Danny Merrill
|
0-0: Ground out 6-3 (Groundball, P, EV 86.9 MPH)
|
Batting: LHB David Best
|
0-0: Called Strike 0-1: Ball 1-1: Ground out 1-3 (Groundball, 13, EV 68.8 MPH)
|
Batting: RHB Willie Manrique
|
0-0: Ball 1-0: Reached on error, E6 (Groundball, 6, EV 81.9 MPH)
|
Batting: RHB Julio Ehm
|
0-0: Fly out, F4 (Flyball, 4MD, EV 80.6 MPH)
|
Bottom of the 9th over - 0 runs, 0 hits, 1 error, 1 left on base; Montgomery 10 - Bowie 1 |
|